 Dungeon Crawl Stone Soup version 0.30.0-19-g36f170ea60 (webtiles) character file.

Game seed: 16622985301770751277

146 growler the Insei (level 5, -1/37 HPs)
             Began as a Merfolk Transmuter on May 27, 2023.
             Slain by an orc
             ... wielding a +1 flail of holy wrath
              (10 damage)
             ... on level 3 of the Dungeon.
             The game lasted 00:07:54 (1886 turns).

growler the Insei (Merfolk Transmuter)              Turns: 1886, Time: 00:07:55

Health: -1/37      AC:  3    Str: 10    XL:     5   Next: 28%
Magic:  9/9        EV: 12    Int: 15    God:
Gold:   96         SH:  0    Dex: 14    Spells: 4/10 levels left

rFire   . .          .
                       - Unarmed
rCold   . . .        (no shield)
rNeg    . . .        a - +0 robe
rPois   .            (helmet currently unavailable)
rElec   .            r - +0 cloak
rCorr   .            (no gloves)
SInv    .            (boots currently unavailable)
Will    .....        (no amulet)
Stlth   +            (no ring)
HPRegen 0.26/turn    (no ring)
MPRegen 0.11/turn

%: no passive effects
@: appendages (expiring)
A: horns 2, (nimble swimmer 2), mertail
a: End Transformation


You were on level 3 of the Dungeon.
You had temporarily grown beastly horns.
You visited 1 branch of the dungeon, and saw 3 of its levels.

You collected 96 gold pieces.

Inventory:

Armour
 a - a +0 robe (worn)
 r - a +0 cloak (worn)
Jewellery
 l - an amulet of faith
Scrolls
 d - 2 scrolls of enchant weapon {unknown}
 h - a scroll of summoning {unknown}
 i - a scroll of teleportation {unknown}
 j - 2 scrolls of acquirement {unknown}
 k - a scroll of identify {unknown}
 n - a scroll of fear {unknown}
 o - a scroll of immolation {unknown}
Potions
 b - a potion of lignification
 c - a potion of haste {unknown}
 e - a potion of resistance {unknown}
 f - a potion of mutation {unknown}
 g - 3 potions of degeneration {unknown}
 m - 4 potions of curing
 p - a potion of heal wounds {unknown}
 q - a potion of cancellation {unknown}


   Skills:
 - Level 1.1 Fighting
 - Level 2.6 Dodging
 + Level 5.2 Unarmed Combat
 - Level 3.0 Spellcasting
 - Level 4.0 Transmutations


You had 4 spell levels left.
You knew the following spells:

 Your Spells              Type           Power      Damage    Failure   Level
a - Beastly Appendage     Tmut           28%        N/A       3%          1
b - Wereblood             Tmut           14%        N/A       6%          2
c - Spider Form           Tmut/Pois      8%         N/A       26%         3

Your spell library contained the following spells:

 Spells                   Type           Power      Damage    Failure   Level
 Summon Small Mammal      Summ           8%         N/A       21%         1
 Sublimation of Blood     Necr           2%         N/A       30%         2
 Call Canine Familiar     Summ           2%         N/A       52%         3
 Portal Projectile        Hex/Tloc       4%         N/A       52%         3
 Summon Guardian Golem    Hex/Summ       2%         N/A       52%         3
 Tukima's Dance           Hex            2%         N/A       52%         3
 Ice Form                 Ice/Tmut       8%         N/A       65%         4
 Petrify                  Tmut/Erth      8%         N/A       65%         4
 Blade Hands              Tmut           7%         N/A       71%         5
 Irradiate                Conj/Tmut      4%         3d13      94%         5


Dungeon Overview and Level Annotations

Branches:
Dungeon (3/15)

Altars:

Shops:
D:2 (


Innate Abilities, Weirdness & Mutations

You have temporarily grown beastly horns.
((You are very nimble when in or above water. (Stealth+, EV+, Speed+++)))
Your lower body shifts to a powerful aquatic tail in water.


Message History

The adder misses you.
You hit the adder but do no damage. Your headbutt misses the adder.
Your transformation is almost over.
The adder bites you but does no damage. The orc misses you.
The orc closely misses you.
You miss the adder. The adder barely misses you.
You barely miss the adder. You headbutt the adder. Your punch misses the adder.
The adder is moderately wounded.
The orc hits you with a +1 flail of holy wrath.
The orc barely misses you. The adder bites you.
You hit the adder.
The adder is severely wounded.
The adder bites you but does no damage.
The orc hits you with a +1 flail of holy wrath!
The orc barely misses you.
You hit the adder.
You kill the adder!
The orc barely misses you. The orc completely misses you.
You barely miss the orc. You headbutt the orc.
The orc is heavily wounded.
The orc hits you with a +1 flail of holy wrath!
The orc hits you with a +0 hand axe.
You are too injured to fight recklessly!
You are too injured to fight recklessly!
You are too injured to fight recklessly!
You are too injured to fight recklessly!
Unknown command.
You hit the orc.
The orc is heavily wounded.
The orc hits you with a +1 flail of holy wrath.
The orc hits you but does no damage.
You punch the orc!
You kill the orc!
The orc hits you with a +1 flail of holy wrath.
* * * LOW HITPOINT WARNING * * *
Unknown command.
You closely miss the orc. You headbutt the orc.
The orc is severely wounded.
The orc hits you with a +1 flail of holy wrath!
You die...

#...>.....#
#...#.#...##
#..........#
#.#.....#.. #
#.........#.#
###.#.....#.#.##
......†)o).....#
......#@#.....## #.
#........$...## #. #.
###...........#
..###.####.#...#.##...
.................#...#
............#.##......#
..............#######.#
.............## .#
....^.......#####..# #


You could see an orc.

Vanquished Creatures
  Crazy Yiuf (D:2)
  Jessica (D:2)
  Robin (D:2)
  2 adders
  3 worms (D:2)
  A dart slug (D:1)
  An orc (D:3)
  4 bats
  2 endoplasms
  8 hobgoblins (D:2)
  5 jackals
  A quokka (D:2)
  5 ball pythons
  3 frilled lizards
  6 goblins
  6 kobolds
  7 rats
57 creatures vanquished.

Notes
Turn   | Place    | Note
-------+----------+-------------------------------------------
     0 | D:1      | growler the Merfolk Transmuter began the quest for the Orb.
     0 | D:1      | Reached XP level 1. HP: 15/15 MP: 3/3
   224 | D:1      | Reached XP level 2. HP: 21/21 MP: 3/5
   227 | D:1      | Learned a level 2 spell: Wereblood
   706 | D:2      | Reached XP level 3. HP: 8/26 MP: 6/6
   907 | D:2      | Noticed Robin
   918 | D:2      | HP: 1/26 [hobgoblin[Robin] (6)]
   930 | D:2      | Killed Robin
   937 | D:2      | Reached skill level 4 in Unarmed Combat
  1070 | D:2      | Reached XP level 4. HP: 27/32 MP: 6/8
  1217 | D:2      | Found a runed translucent door.
  1218 | D:2      | Noticed Crazy Yiuf
  1360 | D:2      | Found Jaexkae's Antique Weapon Shop.
  1361 | D:2      | Noticed Jessica
  1369 | D:2      | Learned a level 3 spell: Spider Form
  1378 | D:2      | Killed Jessica
  1626 | D:2      | Killed Crazy Yiuf
  1627 | D:2      | Reached XP level 5. HP: 10/37 MP: 2/9
  1812 | D:3      | Reached skill level 5 in Unarmed Combat
  1886 | D:3      | Slain by an orc

Illustrated notes

Levels and vault maps discovered:
D:1:      beargit_arrival_diablo_church, layout_rooms, minmay_cupped
D:2:      layout_loops_cross, serial_shops, nicolae_shop_overgrown_old_shop,
          uniq_robin, uniq_jessica, uniq_crazy_yiuf_cottage
D:3:      layout_rooms, overflow_temple_1_default,
          hellmonk_ecumenical_altar_crossroads, st_stairs_2,
          minmay_misc_feat_rows, nicolae_wormholes, uniq_terence

Skill      XL: |  1  2  3  4  5 |
---------------+----------------+-----
Transmutations | 3 4 |  4.0
Unarmed Combat | 4 5 |  5.2
Spellcasting   | 3 |  3.0
Fighting       | |  1.1
Dodging        | |  2.6

Action                     |  1- 3 |  4- 6 || total
---------------------------+-------+-------++-------
  Melee: Unarmed           |    97 |    58 ||   155
         Headbutt          |     6 |     6 ||    12
         Punch             |     3 |     1 ||     4
   Cast: Beastly Appendage |    17 |     7 ||    24
         Wereblood         |     1 |     1 ||     2
         Spider Form       |       |     2 ||     2
    Use: Potion            |     1 |       ||     1
 Armour: Robe              |    10 |     9 ||    19
         Skin              |     8 |       ||     8
  Dodge: Dodged            |    40 |    45 ||    85
